 Dungeon Crawl Stone Soup version 0.20.1-1-g8b1a95d (webtiles) character file.

744 Chisa the Geomancer (level 7, -5/36 HPs)
             Began as a Gargoyle Earth Elementalist on Sept 12, 2017.
             Slain by an orc warrior
             ... wielding a +0 mace
              (15 damage)
             ... on level 5 of the Dungeon.
             The game lasted 00:11:21 (4518 turns).

Chisa the Geomancer (Gargoyle Earth Elementalist)   Turns: 4518, Time: 00:11:21

Health: -5/36      AC: 11    Str: 14    XL:     7   Next: 76%
Magic:  1/10       EV:  9    Int: 17    God:
Gold:   346        SH:  0    Dex: 10    Spells: 6/10 levels left

rFire    . . .     SeeInvis .   D - +4 short sword "Chisa's Foe" {drain, rC+ Str+2}
rCold    + . .     Gourm    .   (no shield)
rNeg     + . .     Faith    .   h - +0 scale mail
rPois    ∞         Spirit   .   v - +0 helmet
rElec    +         Reflect  .   (no cloak)
rCorr    .         Harm     .   (no gloves)
MR       .....                  (no boots)
Stlth    ..........             (no amulet)
Regen    0.2/turn               (no ring)
MPRegen  0.2/turn               (no ring)

@: very slightly contaminated
A: negative energy resistance 1, electricity resistance, unbreathing,
petrification resistance, rot immunity, AC +4
a: no special abilities


You were on level 5 of the Dungeon.
You were hungry.

You visited 1 branch of the dungeon, and saw 6 of its levels.

You collected 346 gold pieces.

Inventory:

Hand Weapons
 y - a +1 hunting sling of flaming
 D - the +4 short sword "Chisa's Foe" (weapon) {drain, rC+ Str+2}
   (You found it on level 4 of the Dungeon)

   A truly terrible weapon, it drains the life of those it strikes.
   It affects your strength (+2).
   It protects you from cold.
 H - a +1 short sword of electrocution
Missiles
 b - 102 stones (quivered)
 k - 91 sling bullets
Armour
 h - a +0 scale mail (worn)
 t - a +0 chain mail
 v - a +0 helmet (worn)
Jewellery
 p - an uncursed ring of see invisible {unknown}
 C - a cursed ring of loudness {unknown}
 G - an uncursed ring of wizardry {unknown}
Wands
 B - a wand of polymorph (10/24)
 E - a wand of acid (6/15)
Scrolls
 i - a scroll of blinking {unknown}
 j - 2 scrolls of random uselessness {unknown}
 m - 2 scrolls of recharging {unknown}
 n - 7 scrolls of identify {unknown}
 o - 5 scrolls of remove curse {unknown}
 q - a scroll of enchant weapon {unknown}
 r - 4 scrolls of teleportation {unknown}
 u - 3 scrolls of amnesia {unknown}
Potions
 c - a potion of ambrosia {unknown}
 f - a potion of cancellation {unknown}
 g - a potion of agility {unknown}
 l - 4 potions of haste {unknown}
 w - a potion of flight {unknown}
 x - a potion of curing {unknown}
 z - 2 potions of resistance {unknown}
Books
 e - a book of Geomancy

   Spells                             Type                      Level
   a - Sandblast                      Earth                        1
   b - Passwall                       Transmutation/Earth          2
   c - Stone Arrow                    Conjuration/Earth            3
   d - Petrify                        Transmutation/Earth          4
   e - Lee's Rapid Deconstruction     Earth                        5
Comestibles
 a - 4 royal jellies
 d - 6 bread rations
 s - 3 fruits
 A - 2 meat rations
 F - a chunk of flesh


   Skills:
 - Level 1.5 Dodging
 - Level 2.1 Stealth
 - Level 2.0 Spellcasting
   Level 0.7 Transmutations
 + Level 10.5 Earth Magic


You had 6 spell levels left.
You knew the following spells:

 Your Spells              Type           Power        Failure   Level  Hunger
a - Sandblast             Erth           #####.       1%          1    #......
b - Stone Arrow           Conj/Erth      ###...       30%         3    ###....


Dungeon Overview and Level Annotations

Branches:
Dungeon (6/15)
 Temple: D:4-7

Altars:
Cheibriados
Kikubaaqudgha
Okawaru
Ru
Yredelemnul
The Shining One

Shops:
D:5 *


Innate Abilities, Weirdness & Mutations

You are resistant to torment.
Your stone body is resilient. (AC +4)
You are immune to poison.
You resist negative energy. (rN+)
You are resistant to electric shocks. (rElec)
You can survive without breathing.
You are immune to petrification.
You are immune to rotting.


Message History

The leopard gecko hisses angrily.
You are feeling hungry.
The orc warrior hits you with a mace!
Casting: Stone Arrow
Confirm with . or Enter, or press ? or * to list all spells.
Aiming: Stone Arrow
Press: ? - help, Shift-Dir - straight line, f/p - orc warrior
Aim: an orc warrior, wielding a mace and wearing a plate armour (almost dead)
You miscast Stone Arrow.
You are very lightly contaminated with residual magic.
You feel momentarily lethargic. The orc warrior hits you with a mace!
* * * LOW HITPOINT WARNING * * *
A jelly comes into view.
The orc hits you but does no damage.
You climb upwards.
The hound barks!
There is a stone staircase leading down here.
The hound closely misses you. The hound barely misses you.
The orc warrior hits you with a mace!
You die...

#............#######.....
#............# ##....
##..........## ###.....
##...##...#######.......
##.....................
#...........###.##....
#...........###.###...
#.....h.............##
##...@o..>..#.#....###
#..####..###.#.......
##.## #........######
#<.###.##...........
#..##...............
##.##...............
###..................
##......#.............
##.......#.............


You could see an orc warrior and a hound.

Vanquished Creatures
  A phantom (D:5)
  An ogre (D:4)
  A sky beast (D:5)
  A scorpion (D:4)
  A howler monkey (D:4)
  A bullfrog skeleton (D:5)
  An orc priest (D:4)
  A hound (D:5)
  An iguana (D:5)
  2 worker ants (D:5)
  A howler monkey zombie (D:5)
  10 adders
  A gnoll (D:1)
  2 oozes (D:2)
  3 adder skeletons
  5 worms
  2 dart slugs (D:1)
  17 orcs
  2 ball pythons
  10 bats
  3 giant cockroaches
  5 hobgoblins
  6 kobolds
  2 quokkas (D:2)
  A ball python skeleton (D:4)
  5 frilled lizards
  10 goblins
  A quokka skeleton (D:4)
  A quokka zombie (D:6)
  9 rats
107 creatures vanquished.

Notes
Turn   | Place    | Note
-------+----------+-------------------------------------------
     0 | D:1      | Chisa the Gargoyle Earth Elementalist began the quest for the Orb.
     0 | D:1      | Reached XP level 1. HP: 10/10 MP: 3/3
   371 | D:1      | Reached skill level 4 in Earth Magic
   421 | D:1      | Reached XP level 2. HP: 14/15 MP: 5/5
   699 | D:1      | Reached XP level 3. HP: 19/19 MP: 4/6
   792 | D:1      | Reached skill level 5 in Earth Magic
   957 | D:2      | Found a faded altar of an unknown god.
  1479 | D:2      | Reached XP level 4. HP: 23/24 MP: 4/7
  1657 | D:2      | Reached skill level 6 in Earth Magic
  2285 | D:3      | Reached XP level 5. HP: 28/28 MP: 6/8
  2645 | D:4      | Reached skill level 7 in Earth Magic
  3150 | D:4      | Reached skill level 8 in Earth Magic
  3150 | D:4      | Reached XP level 6. HP: 29/32 MP: 4/9
  3467 | D:4      | Found an iron altar of Okawaru.
  3528 | D:4      | Got a faintly glowing short sword
  3529 | D:4      | Identified the +4 short sword "Chisa's Foe" {drain, rC+ Str+2} (You found it on level 4 of the Dungeon)
  3573 | D:4      | Reached skill level 9 in Earth Magic
  3754 | D:5      | Entered Level 5 of the Dungeon
  3769 | D:5      | Noticed a sky beast
  3777 | D:5      | Killed a sky beast
  3777 | D:5      | Reached XP level 7. HP: 36/36 MP: 3/10
  4001 | D:5      | Found Louplawk's Elemental Accessories.
  4048 | D:5      | Learned a level 3 spell: Stone Arrow
  4067 | D:5      | Reached skill level 10 in Earth Magic
  4382 | D:5      | Found a snail-covered altar of Cheibriados.
  4384 | D:5      | Found a basalt altar of Yredelemnul.
  4385 | D:5      | Found a glowing golden altar of the Shining One.
  4411 | D:5      | Found a sacrificial altar of Ru.
  4423 | D:5      | Found an ancient bone altar of Kikubaaqudgha.
  4518 | D:5      | Slain by an orc warrior

Skill      XL: |  1  2  3  4  5  6  7 |
---------------+----------------------+-----
Earth Magic    | 4 5 6 8 9 10 | 10.5
Dodging        | |  1.5
Stealth        | |  2.1
Spellcasting   | |  2.0
Transmutations | |  0.7

Action                   |  1- 3 |  4- 6 |  7- 9 || total
-------------------------+-------+-------+-------++-------
Melee: Dagger            |    47 |       |       ||    47
       Short sword       |    28 |    97 |    39 ||   164
 Fire: Hunting sling     |       |    13 |       ||    13
 Cast: Sandblast         |    26 |    57 |    20 ||   103
       Stone Arrow       |       |       |     5 ||     5
 Stab: Sleeping          |     5 |     5 |       ||    10
  Eat: Chunk             |     2 |     8 |     3 ||    13
Armor: Robe              |    32 |    21 |       ||    53
       Scale mail        |       |    30 |    26 ||    56
Dodge: Dodged            |    60 |    55 |    26 ||   141
